 Dungeon Crawl Stone Soup version 0.27-a0-906-g0a00ce863d (webtiles) character file.

Game seed: 16192890779419954881

10 kae the Insei (level 2, 22/22 HPs)
             Began as a Demonspawn Gladiator on Apr 6, 2021.
             Quit the game on level 1 of the Dungeon.
             The game lasted 00:00:18 (640 turns).

kae the Insei (Demonspawn Gladiator)                 Turns: 640, Time: 00:00:19

Health: 22/22      AC:  5    Str: 14    XL:     2   Next: 10%
Magic:  2/2        EV: 12    Int:  9    God:
Gold:   0          SH:  0    Dex: 14    Spells: 1/1 levels left

rFire    . . .     SeeInvis .     - Unarmed
rCold    . . .     Faith    +   (no shield)
rNeg     . . .     Spirit   .   a - +1 leather armour
rPois    .         Reflect  .   b - +0 helmet
rElec    .         Harm     .   (no cloak)
rCorr    .         Rampage  .   (no gloves)
Will     .....                  (no boots)
Stlth    +.........             e - amulet of faith
HPRegen  0.07/turn              (no ring)
MPRegen  0.08/turn              (no ring)

@: no status effects
A: talons 1
a: no special abilities


You were on level 1 of the Dungeon.
You visited 1 branch of the dungeon, and saw 1 of its levels.

Inventory:

Missiles
 c - 3 throwing nets (quivered)
Armour
 a - a +1 leather armour (worn)
 b - a +0 helmet (worn)
Jewellery
 e - an amulet of faith (around neck)
Scrolls
 d - 2 scrolls of enchant armour


   Skills:
 + Level 2.2 Fighting
 - Level 1.7 Throwing
 - Level 2.6 Dodging
 * Level 3.1 Unarmed Combat


You had one spell level left.
You didn't know any spells.
Your spell library contained the following spells:

 Spells                   Type           Power      Damage    Failure   Level
 Animate Skeleton         Necr           0%         N/A       45%         1
 Apportation              Tloc           0%         N/A       45%         1
 Corona                   Hex            0%         N/A       45%         1
 Summon Small Mammal      Summ           0%         N/A       45%         1


Dungeon Overview and Level Annotations

Branches:
Dungeon (1/15)

Altars:


Innate Abilities, Weirdness & Mutations

You have sharp toenails.


Message History

Your +0 leather armour glows green for a moment.
The kobold throws a stone.
The stone misses you. The kobold barely misses you.
You miss the kobold. The kobold closely misses you.
You closely miss the kobold. The kobold barely misses you.
You barely miss the kobold. The kobold closely misses you.
You hit the kobold.
You kill the kobold!
You have reached level 2!
Your demonic ancestry asserts itself...
Your toenails lengthen and sharpen.
You pick up a book of Cantrips and begin reading...
You add the spells Corona, Animate Skeleton, Summon Small Mammal and Apportation to your library.
Things that are here:
a +0 dagger; 5 stones
Found 10 poisoned darts.
e - an amulet of faith
Found a pair of gloves.
You see here a +0 pair of gloves.
A bat comes into view.
You start putting on your amulet.
You continue putting on your amulet of faith. x3
The bat barely misses you.
You continue putting on your amulet of faith.
The bat hits you but does no damage.
You continue putting on your amulet of faith.
The bat closely misses you.
You finish putting on your amulet of faith.
You feel a strange surge of divine interest.
e - an amulet of faith (around neck)
You hit the bat. Your kick misses the bat.
The bat is moderately wounded.
The bat barely misses you.
You hit the bat.
You kill the bat!
No target in view!
No target in view!
No target in view!
No target in view!
Are you sure you want to abandon this character and quit the game? (Confirm with "yes".)

### ### .. ...# ..
..$.# #.
##########.....#
#.####.......@......#
#........##.###.....#
#....###.##.# ....#
#....# #.##.# ...#
##.#[# #.##.####. ###
#....# #.##......
..##..#.###.##.###.##
....................
......####.........#
#.#


There were no monsters in sight!

Vanquished Creatures
  A dart slug (D:1)
  A ball python (D:1)
  An endoplasm (D:1)
  A kobold (D:1)
  A quokka (D:1)
  2 bats (D:1)
7 creatures vanquished.

Notes
Turn   | Place    | Note
-------+----------+-------------------------------------------
     0 | D:1      | kae the Demonspawn Gladiator began the quest for the Orb.
     0 | D:1      | Reached XP level 1. HP: 16/16 MP: 1/1
   391 | D:1      | Reached skill level 3 in Unarmed Combat
   596 | D:1      | Gained mutation: You have sharp toenails. [demonic
                  | ancestry]
   596 | D:1      | Reached XP level 2. HP: 22/22 MP: 2/2
   640 | D:1      | Quit the game

Illustrated notes

Levels and vault maps discovered:
D:1:      minmay_arrival_loop, layout_basic, ebering_ecumenical_altar_rust

Skill      XL: |  1 |
---------------+----+-----
Unarmed Combat | 3 |  3.1
Fighting       | |  2.2
Throwing       | |  1.7
Dodging        | |  2.6

Action                   || total
-------------------------++-------
Melee: Unarmed           ||    38
  Use: Scroll            ||     1
Armor: Leather armour    ||    10
Dodge: Dodged            ||    27

Table legend: (Time is in decaauts)
 A = Elapsed time spent in this place.
 B = Non-inter-level travel time spent in this place.
 C = Inter-level travel time spent in this place.
 D = Time resting spent in this place.
 E = Time spent auto-exploring this place.
 F = Levels seen in this place.
 G = Mean time per level.
                   A        B        C        D        E       F      G
               +--------+--------+--------+--------+--------+-----+--------+
         Total |    638 |    638 |      0 |      0 |    569 |   1 |  638.0 |
       Dungeon |    638 |    638 |      0 |      0 |    569 |   1 |  638.0 |
               +--------+--------+--------+--------+--------+-----+--------+

Top non-repeatable levels by time:
     D:1: 638 daAuts
